 Dungeon Crawl Stone Soup version 0.20-a0-1056-g7622305 (webtiles) character file.

17 AAAAA the Chiller (level 2, 19/21 HPs)
             Began as a Formicid Wanderer on Apr 26, 2017.
             Quit the game on level 1 of the Dungeon.
             The game lasted 00:02:06 (1088 turns).

AAAAA the Chiller (Formicid Wanderer)               Turns: 1088, Time: 00:02:07

Health: 19/21      AC:  2    Str: 15    XL:     2   Next: 80%
Magic:  4/4        EV: 11    Int: 10    God:
Gold:   19         SH:  0    Dex: 12    Spells: 4/4 levels left

rFire    . . .     SeeInvis +   e - +0 club
rCold    . . .     Gourm    .   (no shield)
rNeg     . . .     Faith    .   d - +0 robe
rPois    .         Spirit   .   (helmet unavailable)
rElec    .         Reflect  .   (no cloak)
rCorr    .         Harm     .   (no gloves)
MR       .....                  (no boots)
Stlth    ++........             (no amulet)
Regen    0.1/turn               (no ring)
MPRegen  0.1/turn               (no ring)

@: no status effects
A: permanent stasis, dig shafts and tunnels, four strong arms, antennae 3
a: Dig, Shaft Self


You were on level 1 of the Dungeon.
You were hungry.

You visited 1 branch of the dungeon, and saw 1 of its levels.

You collected 19 gold pieces.

Inventory:

Hand Weapons
 e - a +0 club (weapon)
Armour
 d - a +0 robe (worn)
Jewellery
 g - a cursed ring of loudness {unknown}
Scrolls
 h - a scroll of enchant armour {unknown}
 i - a scroll of magic mapping {unknown}
 j - a scroll of identify {unknown}
 k - a scroll of teleportation {unknown}
Potions
 c - a potion of curing
Books
 a - a book of Frost

   Spells                             Type                      Level
   a - Freeze                         Ice                          1
   b - Throw Frost                    Conjuration/Ice              2
   c - Ozocubu's Armour               Charms/Ice                   3
   d - Throw Icicle                   Conjuration/Ice              4
   e - Summon Ice Beast               Ice/Summoning                4
 b - Yxoi's Tome of Translocation

   Spells                             Type                      Level
   a - Apportation                    Translocation                1
   b - Recall                         Summoning/Translocation      3
Comestibles
 f - a bread ration
 l - a chunk of flesh
 m - 3 fruits


   Skills:
 + Level 1.5 Fighting
   Level 1.0 Short Blades
 + Level 0.2 Maces & Flails
 + Level 1.3 Throwing
 + Level 0.1 Dodging
 + Level 1.5 Stealth
   Level 1.2 Shields
 + Level 1.8 Spellcasting
   Level 4.0 Ice Magic


You had 4 spell levels left.
You didn't know any spells.

Dungeon Overview and Level Annotations

Branches:
Dungeon (1/15)

Altars:


Innate Abilities, Weirdness & Mutations

You cannot be hasted, slowed, berserked, paralysed or teleported.
You can dig through walls and to a lower floor.
Your four strong arms can wield two-handed weapons with a shield.
You have a pair of large antennae on your head. (SInv)


Message History

You start resting.
HP restored.
Found a stone staircase leading down.
There is a stone staircase leading down here.
You are feeling hungry.
A rat comes into view.
You closely miss the rat. The rat bites you.
You hit the rat but do no damage. The rat barely misses you. The rat bites you.
You hit the rat.
The rat is heavily wounded.
The rat closely misses you.
You hit the rat.
You kill the rat!
You see here a rat corpse.
You butcher the rat corpse.
l - a chunk of flesh Unknown command.
Unknown command.
Unknown command.
Are you sure you want to abandon this character and quit the game? (Confirm with "yes".)

....#
#....#(##.####
....# ##..
#.(...).# #####
#.. #[##.##.#
#####
######.#####.##.#
.....
.............##.#
.....
.......>#######.#
##### #####.#....#
#.# #....#.# #.#
####.#@# #.#
##############.#.#
#.#
...............#.#
#.#
######...........#
#.#
#.##############.#
#.# #........# #.#
#.########
#.#######.#
#.........#


There were no monsters in sight!

Vanquished Creatures
  An ooze (D:1)
  A ball python (D:1)
  A giant cockroach (D:1)
  A goblin (D:1)
  A hobgoblin (D:1)
  A bat (D:1)
  2 kobolds (D:1)
  7 rats (D:1)
15 creatures vanquished.

Notes
Turn   | Place    | Note
-------+----------+-------------------------------------------
     0 | D:1      | AAAAA the Formicid Wanderer began the quest for the Orb.
     0 | D:1      | AAAAA set off with: a book of Frost, Yxoi's Tome of Translocation, a potion of curing, a +0 robe, a +0 club, a bread ration
     0 | D:1      | Reached XP level 1. HP: 15/15 MP: 2/2
     0 | D:1      | Identified Yxoi's Tome of Translocation
   108 | D:1      | Reached XP level 2. HP: 10/21 MP: 2/4
  1088 | D:1      | Quit the game

Vault maps used:
D:1:      lemuel_arrival_broad_hall

Action                   || total
-------------------------++-------
Melee: Club              ||    52
 Stab: Sleeping          ||     1
Armor: Robe              ||     7
Dodge: Dodged            ||    36
